 Dungeon Crawl Stone Soup version 0.29-a0-297-g7659ce593d (webtiles) character file.

Game seed: 7338740098260297714

1 Armakuni the Cudgeller (level 1, 0/16 HPs)
             Began as a Demigod Wanderer on Mar 20, 2022.
             Slain by a kobold
             ... wielding a +1 dagger of electrocution
              (10 damage)
             ... on level 1 of the Dungeon.
             The game lasted 00:00:53 (84 turns).

Armakuni the Cudgeller (Demigod Wanderer)             Turns: 84, Time: 00:00:54

Health: 0/16       AC:  6    Str: 12    XL:     1   Next: 13%
Magic:  3/3        EV:  8    Int: 13    God:
Gold:   0          SH:  0    Dex: 15    Spells: 0/0 levels left

rFire   . . .      SeeInvis .   a - +2 mace
rCold   . . .      Faith    .   (no shield)
rNeg    . . .      Spirit   .   c - +0 scale mail
rPois   .          Reflect  .   (no helmet)
rElec   .          Harm     .   (no cloak)
rCorr   .          Rampage  .   (no gloves)
Will    .....                   (no boots)
Stlth   ..........              (no amulet)
HPRegen 0.05/turn               (no ring)
MPRegen 0.08/turn               (no ring)

@: no status effects
A: high MP 1, forlorn, divine attributes
a: no special abilities


You were on level 1 of the Dungeon.
You visited 1 branch of the dungeon, and saw 1 of its levels.

Inventory:

Hand Weapons
 a - a +2 mace (weapon)
 b - a +0 quarterstaff
Armour
 c - a +0 scale mail (worn)
Scrolls
 d - a scroll of fear
 e - a scroll of immolation {unknown}
Potions
 f - a potion of heal wounds {unknown}


   Skills:
 + Level 1.0 Fighting
 - Level 3.6(3.8) Maces & Flails
 + Level 1.8(3.0) Staves
 - Level 1.7 Armour
 - Level 1.0 Evocations


You couldn't memorise any spells.
You didn't know any spells.
Your spell library was empty.

Dungeon Overview and Level Annotations

Branches:
Dungeon (1/15)


Innate Abilities, Weirdness & Mutations

You have an increased reservoir of magic. (+10% MP)
You shall have no god before yourself.
Your divine heritage dramatically boosts your attributes as you level up.


Message History

e - a scroll labelled ITHAAX FIEMEO
Okay, then.
Okay, then.
Found a purple potion.
f - a purple potion
Press: ? - help, v - describe, . - travel, g - get item Item here: a flail.
The floor.
A ball python comes into view.
Found a robe.
The ball python hisses angrily.
A ball python is nearby!
The ball python bites you. The ball python closely misses you.
You see here a +0 flail.
You barely miss the ball python.
The ball python bites you but does no damage.
The ball python grabs you. The ball python constricts you.
You hit the ball python.
The ball python is severely wounded.
The ball python completely misses you. The ball python constricts you.
The ball python barely misses you. The ball python constricts you.
You barely miss the ball python.
The ball python is severely wounded.
The ball python bites you but does no damage.
The ball python constricts you.
You sock the ball python!
You kill the ball python!
No target in view!
HP restored.
You see here a +0 robe.
You open the door.
There is an open door here.
A kobold comes into view.
It is wielding a +1 dagger of electrocution.
Found a scroll labelled BIHECI XIEB.
The kobold hits you with a +1 dagger of electrocution.
You barely miss the kobold.
The kobold hits you with a +1 dagger of electrocution. x2
You are electrocuted!
Ouch! That really hurt!
You die...

######### ##.......####
#.# ?........'..# #.#
##.......##.## #.#
.........##[.# #.#
#........###.###.#
#......@.###..##.#
#......K###...##.#######
......... +.............
#######.###....#.#######
#.# #........##### #.#
#####)...#.... #.#
#....#..⌠. #.#
####.###....
#.....#.....


You could see a kobold.

Vanquished Creatures
  A ball python (D:1)
1 creature vanquished.

Notes
Turn   | Place    | Note
-------+----------+-------------------------------------------
     0 | D:1      | Armakuni the Demigod Wanderer began the quest for the Orb.
     0 | D:1      | Armakuni set off with the following items: a +2 mace, a +0
                  | quarterstaff, a +0 scale mail, a scroll of fear
     0 | D:1      | Reached XP level 1. HP: 16/16 MP: 3/3
    84 | D:1      | Slain by a kobold

Illustrated notes

Levels and vault maps discovered:
D:1:      dpeg_arrival_arbitrary_c, layout_basic,
          dreamdust_ecumenical_altar_drowned_temple, minmay_pentomino_q2

Action                   || total
-------------------------++-------
Melee: Mace              ||     5
Armor: Scale mail        ||     2
Dodge: Dodged            ||     3

Table legend: (Time is in decaauts)
 A = Elapsed time spent in this place.
 B = Non-inter-level travel time spent in this place.
 C = Inter-level travel time spent in this place.
 D = Time resting spent in this place.
 E = Time spent auto-exploring this place.
 F = Levels seen in this place.
 G = Mean time per level.
                   A        B        C        D        E       F      G
               +--------+--------+--------+--------+--------+-----+--------+
         Total |     84 |     84 |      0 |      0 |     56 |   1 |   84.0 |
       Dungeon |     84 |     84 |      0 |      0 |     56 |   1 |   84.0 |
               +--------+--------+--------+--------+--------+-----+--------+

Top non-repeatable levels by time:
     D:1: 84 daAuts
